 Dungeon Crawl Stone Soup version 0.31-a0-180-g519b7de00c (webtiles) character file.

Game seed: 2349004913958898378

1668 qw the Skirmisher (level 9, -1/85 HPs)
             Began as a Naga Hunter on June 20, 2023.
             Slain by a yak (10 damage)
             ... on level 6 of the Dungeon.
             The game lasted 00:01:51 (5052 turns).

qw the Skirmisher (Naga Hunter)                     Turns: 5052, Time: 00:01:51

Health: -1/85      AC: 12    Str: 15    XL:     9   Next: 1%
Magic:  9/9        EV:  8    Int:  9    God:
Gold:   31         SH:  0    Dex: 18    Spells: 8/8 levels left

rFire   . . .        Y - +1 shortbow
rCold   + . .        (shield currently unavailable)
rNeg    + + .        j - +2 leather armour {rC+}
rPois   +            (no helmet)
rElec   .            (no cloak)
rCorr   .            (no gloves)
SInv    +            h - +2 barding
Will    +....        (no amulet)
Stlth   ++           a - ring of positive energy
HPRegen 0.34/turn    i - ring of positive energy
MPRegen 0.11/turn

%: no passive effects
@: short of breath, very slow
A: AC +3, large, see invisible, deformed body, poison resistance, slowness 2,
spit poison 1, naga tail 1
a: Spit Poison


You were on level 6 of the Dungeon.
You visited 1 branch of the dungeon, and saw 6 of its levels.

You collected 217 gold pieces.
You spent 186 gold pieces at shops.


Innate Abilities, Weirdness & Mutations

Your serpentine skin is tough. (AC +3)
You have supernaturally acute eyesight. (SInv)
Armour fits poorly on your strangely shaped body.
Your system is resistant to poisons. (rPois)
You cover ground very slowly.
You can spit poison.
You have a snake-like lower body.


   Skills:
 - Level 6.4 Fighting
 - Level 9.0 Ranged Weapons
 - Level 1.0 Armour
 + Level 2.0 Dodging
 - Level 1.5 Stealth


You had 8 spell levels left.
You didn't know any spells.
Your spell library was empty.

Inventory:

Hand Weapons
 Y - a +1 shortbow (weapon)
Armour
 h - a +2 barding (worn)
 j - a +2 leather armour of cold resistance (worn)
Jewellery
 a - a ring of positive energy (left hand)
 i - a ring of positive energy (right hand)
Scrolls
 b - a scroll of identify
 c - a scroll of acquirement {unknown}
Potions
 d - a potion of curing
 f - a potion of haste
 g - 4 potions of enlightenment
 l - a potion of cancellation {unknown}
 m - a potion of lignification {unknown}

Dungeon Overview and Level Annotations

Branches:
Dungeon (6/15)
 Temple: D:4-7

Altars:
Ashenzari
Elyvilon
Nemelex Xobeh
Vehumet
Xom
Zin

Shops:
D:4 !(?!   D:5 **:

Annotations:
D:2 1 runed translucent door, Crazy Yiuf


Message History

The splash of poison hits the yak.
The yak is poisoned.
The yak is severely wounded.
The yak barely misses you. The yak gores you.
You shoot an arrow. The arrow closely misses the yak.
The arrow closely misses the ice beast.
The yak gores you! The yak closely misses you. The yak gores you!
The yak closely misses you.
You shoot an arrow. The arrow hits the yak!
The yak is almost dead.
The yak barely misses you. The yak closely misses you.
You shoot an arrow.
The arrow hits the yak but does no damage.
The yak is almost dead.
The yak looks more healthy.
The yak gores you but does no damage. The yak barely misses you.
You shoot an arrow. The arrow hits the yak!
You kill the yak!
The yak closely misses you.
Your Fighting skill increases to level 6!
You have reached level 9!
Your experience leads to an increase in your attributes!
Increase (S)trength, (I)ntelligence, or (D)exterity?
You feel agile. x2; Your skin feels tougher.
You shoot an arrow. The arrow hits the yak.
The yak is lightly wounded.
The iguana completely misses you. The yak gores you but does no damage.
You shoot an arrow. The arrow closely misses the yak.
You have got your breath back.
The iguana barely misses you. The yak gores you!
5051 ||| INVOKING Spit Poison.
Aiming: Spit Poison (1% risk of failure)
Press: ? - help, Shift-Dir - straight line, f/p - yak The splash of poison hits the yak.
The yak is poisoned.
The yak is lightly wounded.
The iguana bites you. The yak closely misses you.
You shoot an arrow. The arrow hits the yak.
The yak is moderately wounded.
The iguana bites you but does no damage.
The yak gores you!
You die...

. .. .......##
.......... ....>..
#.#### ## .......
#YlY.##....
.>..... #@!.....#
......####.#####..
#....?..#
###..#### ######
##.# ...... ##.#
###### ######..###
### ..........###
##..
#########...###
#...


You could see a yak (poisoned), an ice beast and an iguana.

Vanquished Creatures
  Sigmund (D:2)
  3 yaks (D:6)
  A black bear (D:6)
  An ice beast (D:4)
  2 ogres (D:5)
  A phantom (D:4)
  2 scorpions (D:5)
  A hound (D:4)
  A gnoll bouda (D:4)
  A jelly (D:6)
  A sleepcap (D:5)
  Terence (D:3)
  2 iguanas (D:5)
  3 orc wizards
  8 gnolls
  8 adders
  2 river rats (D:4)
  2 worms (D:4)
  4 dart slugs
  14 orcs
  10 ball pythons
  5 endoplasms
  5 giant cockroaches
  10 goblins
  5 hobgoblins
  A quokka (D:4)
  4 bats
  2 frilled lizards
  6 kobolds
  4 rats
111 creatures vanquished.

Notes
Turn   | Place    | Note
-------+----------+-------------------------------------------
     0 | D:1      | qw the Naga Hunter began the quest for the Orb.
     0 | D:1      | Reached XP level 1. HP: 19/19 MP: 1/1
     0 | D:1      | 0 ||| qw: Version: 0.3-a-9-g12657ce
     0 | D:1      | 0 ||| qw: Game counter: 1132
     0 | D:1      | 0 ||| qw: Always use a shield: true
     0 | D:1      | 0 ||| qw: God list: Okawaru
     0 | D:1      | 0 ||| qw: Allow faded altars: false
     0 | D:1      | 0 ||| qw: Do Orc after D:15 true
     0 | D:1      | 0 ||| qw: Do second Lair branch before Depths: true
     0 | D:1      | 0 ||| qw: Lair rune preference: random
     0 | D:1      | 0 ||| qw: Plans: Normal
     0 | D:1      | 0 ||| PLANNING D:1-11
    18 | D:1      | 18 ||| INVOKING Spit Poison.
   129 | D:1      | 129 ||| INVOKING Spit Poison.
   172 | D:1      | 172 ||| INVOKING Spit Poison.
   175 | D:1      | Reached skill level 4 in Ranged Weapons
   175 | D:1      | Reached XP level 2. HP: 26/26 MP: 2/2
   306 | D:1      | 306 ||| INVOKING Spit Poison.
   579 | D:1      | 579 ||| INVOKING Spit Poison.
   661 | D:1      | 661 ||| UPGRADING to +0 barding.
   666 | D:1      | 666 ||| READING scroll labelled ELASSE GOETIZY.
   667 | D:1      | 667 ||| READING scroll labelled JAATZOASHRU.
   668 | D:1      | 668 ||| READING scroll labelled RERECA KOIH.
   672 | D:1      | 672 ||| DROPPING scroll of butterflies.
   692 | D:2      | 692 ||| READING scroll of enchant armour.
   692 | D:2      | 692 ||| ENCHANTING +0 barding.
   737 | D:2      | 737 ||| INVOKING Spit Poison.
   887 | D:2      | Noticed Sigmund
   888 | D:2      | 888 ||| INVOKING Spit Poison.
   894 | D:2      | 894 ||| INVOKING Spit Poison.
   896 | D:2      | Killed Sigmund
   897 | D:2      | Reached skill level 6 in Ranged Weapons
   897 | D:2      | Reached XP level 3. HP: 14/32 MP: 3/3
   897 | D:2      | Reached XP level 4. HP: 18/39 MP: 4/4
   897 | D:2      | Reached XP level 5. HP: 20/45 MP: 5/5
   901 | D:2      | 901 ||| INVOKING Spit Poison.
  1013 | D:2      | 1013 ||| INVOKING Spit Poison.
  1024 | D:2      | 1024 ||| INVOKING Spit Poison.
  1049 | D:2      | 1049 ||| INVOKING Spit Poison.
  1086 | D:2      | 1086 ||| INVOKING Spit Poison.
  1092 | D:2      | 1092 ||| INVOKING Spit Poison.
  1189 | D:2      | Found a shimmering altar of Xom.
  1250 | D:2      | 1250 ||| INVOKING Spit Poison.
  1265 | D:2      | 1265 ||| INVOKING Spit Poison.
  1291 | D:2      | 1291 ||| INVOKING Spit Poison.
  1315 | D:2      | 1315 ||| INVOKING Spit Poison.
  1358 | D:2      | Found a runed translucent door.
  1359 | D:2      | Noticed Crazy Yiuf
  1380 | D:2      | 1380 ||| INVOKING Spit Poison.
  1387 | D:2      | 1387 ||| INVOKING Spit Poison.
  1789 | D:2      | 1789 ||| READING scroll labelled SIONYIFFIZ.
  1790 | D:2      | 1790 ||| DRINKING 3 white potions.
  1791 | D:2      | 1791 ||| DRINKING 2 lumpy orange potions.
  1792 | D:2      | 1792 ||| DROPPING potion of degeneration.
  1811 | D:3      | 1811 ||| INVOKING Spit Poison.
  1841 | D:3      | Found a broken altar of Ashenzari.
  1859 | D:3      | Found a radiant altar of Vehumet.
  1865 | D:3      | 1865 ||| INVOKING Spit Poison.
  1868 | D:3      | Reached skill level 3 in Fighting
  1868 | D:3      | Reached XP level 6. HP: 56/56 MP: 6/6
  1871 | D:3      | 1871 ||| INVOKING Spit Poison.
  1996 | D:3      | 1996 ||| Stepping ~*~*~tactically~*~*~ (outnumbered).
  1997 | D:3      | 1997 ||| INVOKING Spit Poison.
  2003 | D:3      | 2003 ||| INVOKING Spit Poison.
  2025 | D:3      | 2025 ||| INVOKING Spit Poison.
  2029 | D:3      | Noticed Terence
  2031 | D:3      | 2031 ||| INVOKING Spit Poison.
  2035 | D:3      | 2035 ||| INVOKING Spit Poison.
  2038 | D:3      | 2038 ||| INVOKING Spit Poison.
  2039 | D:3      | Killed Terence
  2040 | D:3      | Reached skill level 1 in Armour
  2165 | D:3      | 2165 ||| INVOKING Spit Poison.
  2171 | D:3      | 2171 ||| INVOKING Spit Poison.
  2227 | D:3      | Found a sparkling altar of Nemelex Xobeh.
  2234 | D:3      | 2234 ||| INVOKING Spit Poison.
  2381 | D:3      | 2381 ||| INVOKING Spit Poison.
  2406 | D:3      | 2406 ||| INVOKING Spit Poison.
  2649 | D:3      | 2649 ||| UPGRADING to +0 robe of willpower.
  2665 | D:3      | 2665 ||| READING scroll labelled VANIBLUERY.
  2666 | D:3      | 2666 ||| READING scroll labelled OTATUH IGGUMY.
  2667 | D:3      | 2667 ||| READING 3 scrolls of identify.
  2667 | D:3      | 2667 ||| IDENTIFYING bubbling clear potion
  2668 | D:3      | 2668 ||| READING 2 scrolls of identify.
  2668 | D:3      | 2668 ||| IDENTIFYING smoky amethyst potion
  2669 | D:3      | 2669 ||| DROPPING potion of magic.
  2711 | D:4      | 2711 ||| PLANNING SEWER
  2715 | D:4      | 2715 ||| INVOKING Spit Poison.
  2720 | D:4      | 2720 ||| INVOKING Spit Poison.
  2726 | D:4      | Found Bafiw's Antique Weapon Emporium.
  2728 | D:4      | 2728 ||| INVOKING Spit Poison.
  2733 | D:4      | 2733 ||| INVOKING Spit Poison.
  2743 | D:4      | 2743 ||| INVOKING Spit Poison.
  2750 | D:4      | 2750 ||| INVOKING Spit Poison.
  2791 | D:4      | 2791 ||| INVOKING Spit Poison.
  2797 | D:4      | 2797 ||| INVOKING Spit Poison.
  2804 | D:4      | 2804 ||| INVOKING Spit Poison.
  2830 | D:4      | Reached XP level 7. HP: 59/64 MP: 7/7
  2833 | D:4      | 2833 ||| INVOKING Spit Poison.
  2836 | D:4      | 2836 ||| INVOKING Spit Poison.
  2841 | D:4      | 2841 ||| INVOKING Spit Poison.
  2845 | D:4      | 2845 ||| INVOKING Spit Poison.
  2980 | D:4      | Found Qaenogai's Magic Scroll Boutique.
  2990 | D:4      | 2990 ||| BUYING scroll of enchant armour (82 gold).
  2990 | D:4      | Bought a scroll of enchant armour for 82 gold pieces
  2990 | D:4      | 2990 ||| SHOPLISTING scroll of enchant weapon (82 gold,
                  | have 63).
  2990 | D:4      | 2990 ||| BUYING scroll of identify (22 gold).
  2990 | D:4      | Bought a scroll of identify for 22 gold pieces
  2990 | D:4      | 2990 ||| BUYING scroll of identify (22 gold).
  2990 | D:4      | Bought a scroll of identify for 22 gold pieces
  2990 | D:4      | 2990 ||| SHOPLISTING scroll of identify (22 gold, have 19).
  2990 | D:4      | 2990 ||| SHOPLISTING scroll of teleportation (33 gold, have
                  | 19).
  2990 | D:4      | 2990 ||| READING scroll of enchant armour.
  2990 | D:4      | 2990 ||| ENCHANTING +1 barding.
  3097 | D:4      | 3097 ||| INVOKING Spit Poison.
  3100 | D:4      | 3100 ||| INVOKING Spit Poison.
  3140 | D:4      | Reached skill level 7 in Ranged Weapons
  3230 | D:4      | Identified the +2 great mace of Responsibility {flame,
                  | rElec rF+ rN+}
  3242 | D:4      | 3242 ||| RIP SEWER
  3292 | D:4      | 3292 ||| PLANNING D:1-11
  3335 | D:4      | 3335 ||| INVOKING Spit Poison.
  3341 | D:4      | 3341 ||| INVOKING Spit Poison.
  3379 | D:4      | Found Ramack's Distillery.
  3384 | D:4      | 3384 ||| SHOPLISTING 2 potions of mutation (208 gold, have
                  | 24).
  3384 | D:4      | 3384 ||| SHOPLISTING potion of curing (39 gold, have 24).
  3384 | D:4      | 3384 ||| SHOPLISTING potion of enlightenment (65 gold, have
                  | 24).
  3384 | D:4      | 3384 ||| SHOPLISTING potion of heal wounds (65 gold, have
                  | 24).
  3384 | D:4      | 3384 ||| SHOPLISTING potion of might (52 gold, have 24).
  3384 | D:4      | 3384 ||| SHOPLISTING potion of mutation (104 gold, have
                  | 24).
  3384 | D:4      | 3384 ||| SHOPLISTING potion of resistance (130 gold, have
                  | 24).
  3414 | D:4      | Found Etweel's Distillery.
  3424 | D:4      | 3424 ||| SHOPLISTING 2 potions of mutation (208 gold, have
                  | 24).
  3424 | D:4      | 3424 ||| SHOPLISTING potion of curing (39 gold, have 24).
  3424 | D:4      | 3424 ||| SHOPLISTING potion of enlightenment (65 gold, have
                  | 24).
  3466 | D:4      | Found a white marble altar of Elyvilon.
  3599 | D:4      | 3599 ||| INVOKING Spit Poison.
  3610 | D:4      | 3610 ||| INVOKING Spit Poison.
  3624 | D:4      | 3624 ||| INVOKING Spit Poison.
  3630 | D:4      | 3630 ||| INVOKING Spit Poison.
  3634 | D:4      | 3634 ||| INVOKING Spit Poison.
  3637 | D:4      | 3637 ||| INVOKING Spit Poison.
  3643 | D:4      | 3643 ||| INVOKING Spit Poison.
  3644 | D:4      | 3644 ||| READING scroll labelled XEZIGH NAUS.
  3645 | D:4      | 3645 ||| READING scroll labelled DOROCIL KEOWKI.
  3646 | D:4      | 3646 ||| READING scroll labelled XADYWI ULOU.
  3647 | D:4      | 3647 ||| READING 3 scrolls of identify.
  3647 | D:4      | 3647 ||| IDENTIFYING coppery potion
  3648 | D:4      | 3648 ||| READING 2 scrolls of identify.
  3648 | D:4      | 3648 ||| IDENTIFYING fuming coppery potion
  3649 | D:4      | 3649 ||| DROPPING potion of invisibility.
  3697 | D:5      | Entered Level 5 of the Dungeon
  3722 | D:5      | Found Jyniug's Book Boutique.
  3810 | D:5      | 3810 ||| INVOKING Spit Poison.
  3813 | D:5      | 3813 ||| INVOKING Spit Poison.
  3835 | D:5      | 3835 ||| INVOKING Spit Poison.
  3856 | D:5      | 3856 ||| INVOKING Spit Poison.
  3860 | D:5      | 3860 ||| INVOKING Spit Poison.
  3901 | D:5      | 3901 ||| INVOKING Spit Poison.
  3918 | D:5      | 3918 ||| INVOKING Spit Poison.
  3924 | D:5      | 3924 ||| INVOKING Spit Poison.
  4061 | D:5      | Found Ocvaicag's General Store.
  4072 | D:5      | 4072 ||| INVOKING Spit Poison.
  4073 | D:5      | Reached XP level 8. HP: 72/72 MP: 8/8
  4077 | D:5      | 4077 ||| INVOKING Spit Poison.
  4081 | D:5      | 4081 ||| INVOKING Spit Poison.
  4087 | D:5      | 4087 ||| INVOKING Spit Poison.
  4090 | D:5      | Reached skill level 8 in Ranged Weapons
  4167 | D:5      | 4167 ||| SHOPLISTING +1 helmet "Quumy" {rElec Str-3 Dex+3}
                  | (282 gold, have 62).
  4167 | D:5      | 4167 ||| BUYING potion of enlightenment (60 gold).
  4167 | D:5      | Bought a potion of enlightenment for 60 gold pieces
  4204 | D:5      | Found Zin's Purification Station.
  4207 | D:5      | 4207 ||| INVOKING Spit Poison.
  4214 | D:5      | 4214 ||| INVOKING Spit Poison.
  4214 | D:5      | HP: 14/72 [iguana (11)]
  4215 | D:5      | 4215 ||| READING scroll of teleportation.
  4218 | D:5      | 4218 ||| INVOKING Spit Poison.
  4219 | D:5      | HP: 13/73 [adder (1)]
  4430 | D:5      | 4430 ||| INVOKING Spit Poison.
  4434 | D:5      | 4434 ||| INVOKING Spit Poison.
  4439 | D:5      | 4439 ||| INVOKING Spit Poison.
  4641 | D:5      | Found a glowing silver altar of Zin.
  4644 | D:5      | 4644 ||| SHOPLISTING potion of curing (90 gold, have 17).
  4653 | D:5      | 4653 ||| INVOKING Spit Poison.
  4717 | D:5      | 4717 ||| INVOKING Spit Poison.
  4720 | D:5      | 4720 ||| INVOKING Spit Poison.
  4850 | D:5      | 4850 ||| DROPPING +0 leather armour.
  4851 | D:5      | 4851 ||| UPGRADING to +2 leather armour of cold resistance.
  4861 | D:5      | 4861 ||| DROPPING +0 robe of willpower.
  4862 | D:5      | 4862 ||| UPGRADING to ring of positive energy.
  4863 | D:5      | 4863 ||| UPGRADING to ring of positive energy.
  4864 | D:5      | 4864 ||| READING scroll labelled TENOTIOTAG.
  4905 | D:6      | 4905 ||| INVOKING Spit Poison.
  4906 | D:6      | 4906 ||| INVOKING Spit Poison.
  4912 | D:6      | 4912 ||| INVOKING Spit Poison.
  4919 | D:6      | 4919 ||| INVOKING Spit Poison.
  5019 | D:6      | Noticed a yak
  5019 | D:6      | Noticed a yak
  5020 | D:6      | 5020 ||| INVOKING Spit Poison.
  5020 | D:6      | Noticed a yak
  5021 | D:6      | Noticed a yak
  5025 | D:6      | 5025 ||| INVOKING Spit Poison.
  5028 | D:6      | Killed a yak
  5029 | D:6      | Reached skill level 9 in Ranged Weapons
  5032 | D:6      | 5032 ||| INVOKING Spit Poison.
  5036 | D:6      | 5036 ||| INVOKING Spit Poison.
  5037 | D:6      | Killed a yak
  5044 | D:6      | 5044 ||| INVOKING Spit Poison.
  5045 | D:6      | HP: 14/76 [yak (10)]
  5048 | D:6      | Killed a yak
  5049 | D:6      | Reached skill level 6 in Fighting
  5049 | D:6      | Reached XP level 9. HP: 16/85 MP: 9/9
  5050 | D:6      | HP: 10/85 [yak (7)]
  5051 | D:6      | 5051 ||| INVOKING Spit Poison.
  5052 | D:6      | Slain by a yak

Levels and vault maps discovered:
D:1:      psy_arrival_fountain, layout_basic, chequers_serial_rivers_large_a
D:2:      layout_loops_corners, basic_altar, minmay_misc_feat_roman,
          minmay_crystal_water, uniq_sigmund, uniq_crazy_yiuf_cottage
D:3:      layout_loops_ring, general_overflow_altar,
          mainiacjoe_overflow_brackets, mainiacjoe_overflow_paths,
          serial_rivers, chequers_serial_rivers_micro_a,
          chequers_serial_rivers_micro_a, chequers_serial_rivers_micro_e,
          chequers_serial_rivers_micro_b, chequers_serial_rivers_marsh,
          chequers_serial_rivers_micro_e, uniq_terence
D:4:      layout_cave_pools, mainiacjoe_overflow_alcove_4,
          gup_sewer_entry_spiral, serial_shops, nicolae_shop_statue_plus,
          nicolae_diamond_shop, shop, nicolae_shop_tiny_waterfront,
          serial_rivers, chequers_serial_rivers_small_3,
          chequers_serial_rivers_micro_b, chequers_serial_rivers_large_b,
          chequers_serial_rivers_micro_e, minmay_goblin_outpost
D:5:      layout_basic, zin_purify, serial_shops, nicolae_shop_statue_plus,
          nicolae_book_shop_shelving
D:6:      layout_rooms, minmay_temple_entry_from_below_a,
          minmay_misc_feat_ornament, serial_bayou_pond_d

Skill      XL: |  1  2  3  4  5  6  7  8 |
---------------+-------------------------+-----
Ranged Weapons | 4 6 7 9 |  9.0
Fighting       | 3 4 6 |  6.4
Armour         | 1 |  1.0
Dodging        | 2 |  2.0
Stealth        | |  1.5

Action                     |  1- 3 |  4- 6 |  7- 9 || total
---------------------------+-------+-------+-------++-------
   Fire: Shortbow          |    22 |   130 |   175 ||   327
Ability: Spit Poison       |     8 |    35 |    45 ||    88
    Use: Scroll            |     4 |     5 |     8 ||    17
         Potion            |       |     2 |       ||     2
 Armour: Leather armour    |     4 |    15 |    35 ||    54
         Robe              |       |    10 |    32 ||    42
  Dodge: Dodged            |     5 |    18 |    57 ||    80

Table legend:
 A = Non-vault XP
 B = Vault XP
 C = Vault XP percentage of total XP
 D = Non-vault monster count
 E = Vault monster count
 F = Vault count percentage of total count
                 A         B        C        D         E       F
            +---------+---------+-------+---------+---------+-------
      Total |    2064 |     320 |  13.4 |      96 |      15 |  13.5
            +---------+---------+-------+---------+---------+-------
        D:1 |      19 |       0 |   0.0 |      10 |       0 |   0.0
        D:2 |      67 |     223 |  76.9 |      21 |       1 |   4.5
        D:3 |      75 |      38 |  33.6 |      18 |       1 |   5.3
        D:4 |     436 |      59 |  11.9 |      21 |      13 |  38.2
        D:5 |     665 |       0 |   0.0 |      20 |       0 |   0.0
        D:6 |     802 |       0 |   0.0 |       6 |       0 |   0.0
            +---------+---------+-------+---------+---------+-------
